 Dungeon Crawl Stone Soup version 0.24.0-123-gd5b16e6ec5 (webtiles) character file.

Game seed: 3117889822756963017, levelgen mode: deterministic

189 Elellon the Chopper (level 5, -11/46 HPs)
             Began as a Deep Dwarf Fighter on Jan 1, 2020.
             Mangled by an ogre
             ... wielding a +0 giant club
              (12 damage)
             ... on level 3 of the Dungeon.
             The game lasted 00:04:56 (1710 turns).

Elellon the Chopper (Deep Dwarf Fighter)            Turns: 1710, Time: 00:04:57

Health: -11/46     AC:  8    Str: 20    XL:     5   Next: 40%
Magic:  4/4        EV:  7    Int:  9    God:
Gold:   204        SH:  9    Dex: 12    Spells: 4/4 levels left

rFire    . . .     SeeInvis .   a - +0 war axe
rCold    . . .     Gourm    .   c - +0 shield
rNeg     . . .     Faith    .   b - +0 scale mail
rPois    .         Spirit   .   (no helmet)
rElec    .         Reflect  .   (no cloak)
rCorr    .         Harm     .   o - +0 pair of gloves (curse)
MR       .....                  (no boots)
Stlth    ..........             (no amulet)
HPRegen  0.00/turn              (no ring)
MPRegen  0.09/turn              (no ring)

@: non-regenerating
A: damage resistance, heal wounds, sense surroundings 1, no regeneration
a: Heal Wounds


You were on level 3 of the Dungeon.
You were not hungry.

You visited 1 branch of the dungeon, and saw 3 of its levels.

You collected 204 gold pieces.

Inventory:

Hand Weapons
 a - a +0 war axe (weapon)
Missiles
 i - 54 stones (quivered)
Armour
 b - a +0 scale mail (worn)
 c - a +0 shield (worn)
 o - a cursed +0 pair of gloves (worn)
 s - a +0 pair of gloves
 u - a +0 chain mail
 x - a +0 pair of boots
Jewellery
 e - a cursed amulet of the acrobat {unknown}
 t - a +2 ring of strength {unknown}
Wands
 p - a wand of acid (5)
Scrolls
 g - a scroll of blinking {unknown}
 h - 2 scrolls of identify {unknown}
 j - a scroll of enchant armour {unknown}
 v - a scroll of amnesia {unknown}
 y - a scroll of teleportation {unknown}
Potions
 d - a potion of might
 k - a potion of degeneration {unknown}
 l - a potion of curing {unknown}
 m - a potion of brilliance {unknown}
 n - a potion of agility {unknown}
 q - a potion of berserk rage {unknown}
 r - a potion of mutation {unknown}
Comestibles
 f - 4 rations
 w - 3 chunks of flesh


   Skills:
 - Level 2.6 Fighting
 + Level 6.3 Axes
 - Level 3.2 Armour
 - Level 3.2 Shields


You had 4 spell levels left.
You didn't know any spells.
Your spell library was empty.

Dungeon Overview and Level Annotations

Branches:
Dungeon (3/15)

Altars:
The Shining One


Innate Abilities, Weirdness & Mutations

You are resistant to damage.
You can heal yourself by infusing magical energy.
You passively map a small area around you.
You do not regenerate.


Message History

You are too injured to fight recklessly!
You are too injured to fight recklessly!
You hit the ogre.
The ogre is moderately wounded.
The ogre hits you with a +0 giant club!!
* * * LOW HITPOINT WARNING * * *
The orc throws a boomerang.
The boomerang hits you.
The weapon returns to the orc!
You slash the ogre!
The ogre is severely wounded.
You block the ogre's attack.
The orc throws a boomerang.
The boomerang hits you but does no damage.
The weapon returns to the orc!
The orc throws a boomerang.
The boomerang barely misses you.
The weapon returns to the orc!
The ogre barely misses you. The orc hits you.
* * * LOW HITPOINT WARNING * * *
Your shield and scale mail prevent you from hitting the ogre.
The ogre is severely wounded.
You closely miss the orc. The ogre hits you with a +0 giant club!
You die...

.....[..#####..... *
..)####.##......# ##### *
##..##.....####.# ....#
##....##### #..... , , ,
##.......# ### .... ,
#........#... ...
##.#......#.#####.######,
...#............Oo...... ,
####......####..@...<...,,
, ,
####......##....†....... ,
##...........##.........
...############......... *
#### #......>.. #
#......... # #.........
#......... .......


You could see an ogre and an orc.

Vanquished Creatures
  Jessica (D:3)
  4 gnolls (D:3)
  6 adders
  A dart slug (D:1)
  3 leopard geckos
  3 orcs (D:3)
  10 bats
  5 giant cockroaches
  5 goblins
  2 hobgoblins
  7 jackals
  5 kobolds
  A quokka (D:2)
  A frilled lizard (D:2)
  6 rats
60 creatures vanquished.

Notes
Turn   | Place    | Note
-------+----------+-------------------------------------------
     0 | D:1      | Elellon the Deep Dwarf Fighter began the quest for the Orb.
     0 | D:1      | Reached XP level 1. HP: 20/20 MP: 1/1
   124 | D:1      | Found a glowing golden altar of the Shining One.
   200 | D:1      | Reached skill level 3 in Axes
   200 | D:1      | Reached XP level 2. HP: 27/27 MP: 2/2
   612 | D:2      | Found a faded altar of an unknown god.
   709 | D:2      | Reached skill level 4 in Axes
   709 | D:2      | Reached XP level 3. HP: 20/33 MP: 3/3
  1012 | D:2      | Reached XP level 4. HP: 22/40 MP: 4/4
  1132 | D:2      | Reached skill level 5 in Axes
  1537 | D:3      | Reached XP level 5. HP: 36/46 MP: 5/5
  1638 | D:3      | Noticed Jessica
  1643 | D:3      | Reached skill level 6 in Axes
  1649 | D:3      | Killed Jessica
  1699 | D:3      | Noticed an ogre
  1707 | D:3      | HP: 2/46 [ogre/+0 giant club (19)]
  1710 | D:3      | Mangled by an ogre

Levels and vault maps discovered:
D:1:      mrwooster_arrival_statue, layout_rooms, minmay_misc_feat_alley,
          tso_metal_star
D:2:      layout_basic, chequers_ecumenical_altar_twisty, first_ration,
          minmay_vboxes
D:3:      layout_rooms, gammafunk_temple_overflow_arena, gup_sewer_entry_pipe,
          nicolae_ru_great_annihilating_truth, uniq_jessica

Skill      XL: |  1  2  3  4  5 |
---------------+----------------+-----
Axes           | 3 4 5 6 |  6.3
Fighting       | |  2.6
Armour         | |  3.2
Shields        | |  3.2

Action                   |  1- 3 |  4- 6 || total
-------------------------+-------+-------++-------
Melee: War axe           |    94 |    95 ||   189
 Abil: Heal Wounds       |       |     2 ||     2
  Eat: Chunk             |       |     3 ||     3
Armor: Scale mail        |    46 |    51 ||    97
Dodge: Dodged            |    38 |    42 ||    80
Block: Shield            |    61 |    57 ||   118
